[Event "*** Titled Tuesday Blitz"]
[Site "Chess.com"]
[Date "2020.11.10"]
[Round "5"]
[White "MokshanovAlexey"]
[Black "Anton_Demchenko"]
[Result "0-1"]
[WhiteElo "2613"]
[BlackElo "2841"]
[TimeControl "180+1"]
[EndTime "10:59:38 PST"]
[Termination "Anton_Demchenko won on time"]

1. e4 g6 2. d4 d6 3. Nf3 Nf6 4. Nc3 Bg7 5. h3 O-O 6. Be3 a6 7. Qd2 Nc6 8. Bd3 e5 9. O-O Bd7 10. Rfe1 Re8 11. Rad1 Qc8 12. dxe5 Nxe5 13. Nxe5 dxe5 14.
Bc4 b5 15. Bb3 Be6 16. Bc5 c6 17. Qe3 Nd7 18. Rd2 Nxc5 19. Qxc5 Bf8 20. Qe3 Bxb3 21.
axb3 Rd8 22. Red1 Rxd2 23. Qxd2 Bc5 24. Ne2 a5 25. Qc3 Bf8 26. Qd3 a4 27. bxa4 Rxa4 28. b3 Ra8 29. Kh1 h5 30. f3 Qe6 31. Nc3 h4 32. Ne2 Bc5 33. c4 b4 34. Nc1 Bd4 35. Ne2 Bc5 36. Qc2 Qf6 37. Qd2 Kg7 38. Nc1 Qe7 39. Nd3 Rd8 40. Qc2 Bd4 41. Nc1 c5 42. Ne2 Qg5 43. Qd2 Qf6 44. Qe1 Ra8 45. Nc1 Bc3 46.
Qe2 Bd4 47. Nd3 Ra3 48. Qe1 Qg5 0-1

[Event "*** Titled Tuesday Blitz"]
[Site "Chess.com"]
[Date "2020.11.10"]
[Round "5"]
[White "Michaelson_11"]
[Black "ZverevLev"]
[Result "0-1"]
[WhiteElo "2110"]
[BlackElo "2263"]
[TimeControl "180+1"]
[EndTime "10:59:38 PST"]
[Termination "ZverevLev won on time"]

1. e4 c6 2. d4 e6 3. Nf3 d5 4.
Nbd2 Nf6 5. Bd3 Be7 6. O-O h6 7. c3 b6 8. Re1 Bb7 9. e5 Nfd7 10.
Nf1 Na6 11. Bc2 c5 12. Qd3 c4 13. Qe2 b5 14. a3 Nc7 15. b4 a5 16. Bd2 a4 17. h3 O-O 18. N3h2 f5 19. exf6 Nxf6 20.
f4 Ra6 21. Ne3 Bc8 22. Neg4 Nxg4 23. Nxg4 Bf6 24. Ne5 Bxe5 25. Qxe5 Ne8 26. g4 Nd6 27. f5 Nf7 28. Qg3 exf5 29. gxf5 Nh8 30. Re5 Raf6 31.
Rf1 Qd6 32. Kh2 Ng6 33. Ree1 Qxg3+ 34. Kxg3 Bxf5 35. Bxf5 Rxf5 36. Rxf5 Rxf5 37. Re6 Nf8 38. Rb6 Rf1 39. Rxb5 Rd1 40. Bf4 Rd3+ 41. Kg4 Rxc3 42. Rxd5 Rxa3 43. Rc5 c3 44. d5 Rb3 45. d6 a3 46. Ra5 Rxb4 47. Rxa3 g5 48. Rxc3 Rxf4+ 49. Kh5 Rf6 50. Rd3 Nd7 51. Rd5 Kg7 52. h4 Rf1 53.
Rd4 Rh1 0-1

[Event "*** Titled Tuesday Blitz"]
[Site "Chess.com"]
[Date "2020.11.10"]
[Round "5"]
[White "Nikolaj_6"]
[Black "A-Fier"]
[Result "1-0"]
[WhiteElo "2601"]
[BlackElo "2755"]
[TimeControl "180+1"]
[EndTime "10:59:39 PST"]
[Termination "Nikolaj_6 won by resignation"]

1. e4 c5 2. Nf3 d6 3. d4 cxd4 4. Nxd4 Nf6 5. Nc3 g6 6. Be3 Bg7 7. f3 O-O 8. Qd2 Nc6 9. Bc4 Bd7 10. O-O-O Rc8 11. Be2 Ne5 12. h4 h5 13. Kb1 Nc4 14.
Bxc4 Rxc4 15. Nde2 Qc8 16. Bh6 Be6 17. Bxg7 Kxg7 18. Nf4 a6 19. Ncd5 Bxd5 20. Nxd5 Nxd5 21. exd5 Qf5 22. b3 Rc5 23. Kb2 Rfc8 24. c4 b5 25.
Qd4+ Kh7 26. g4 hxg4 27. fxg4 Qe5 28. Rhe1 Qh2+ 29. Qd2 Qxd2+ 30. Rxd2 bxc4 31. bxc4 Rxc4 32. Rxe7 Rb8+ 33. Ka3 Rf4 34. h5 g5 35. Rd7 Rb6 36. Rc2 Kg7 37. Rc6 Rf3+ 38. Ka4 Rb2 39. a3 Rd2 40.
h6+ Kxh6 41. Rdxd6+ Kg7 42. Rxa6 Rd4+ 43. Kb5 Rxg4 44.
a4 Rg1 45. a5 g4 46. Ra8 g3 47. Rdd8 Rb1+ 48. Ka6 Rf6+ 49. d6 Rg6 50. Rg8+ Kh6 51. Rxg6+ fxg6 52. d7 g2 53. d8=Q g1=Q 54. Qh4+ Kg7 55.
Ra7+ 1-0

[Event "*** Titled Tuesday Blitz"]
[Site "Chess.com"]
[Date "2020.11.10"]
[Round "5"]
[White "zajka-molotok"]
[Black "Grieve72"]
[Result "1/2-1/2"]
[WhiteElo "2516"]
[BlackElo "2368"]
[TimeControl "180+1"]
[EndTime "10:59:39 PST"]
[Termination "Game drawn by repetition"]

1. e4 c5 2. Nf3 e6 3. Ng1 Nc6 4. c3 Nf6 5. d3 d5 6. Nd2 Be7 7. Ngf3 O-O 8. e5 Nd7 9. d4 Qb6 10. Nb3 f6 11. exf6 Bxf6 12. dxc5 Qc7 13. Bd3 e5 14.
Be2 Ne7 15. Be3 Nb8 16. O-O Nbc6 17. h3 Bf5 18. Qd2 Rad8 19. Rad1 h6 20. Qc1 Be6 21.
Nh2 Nf5 22. Bg4 Nce7 23. Rfe1 Bc8 24. Bd2 e4 25. Bf4 Be5 26. Bxe5 Qxe5 27. Re2 Nh4 28.
Nd4 Qf6 29. Bxc8 Rxc8 30. Ng4 Qf7 31. Qe3 Neg6 32. Qg3 Nf5 33. Qh2 Rfd8 34. Nxf5 Qxf5 35. b4 Nf4 36. Red2 h5 37. Ne3 Qg5 38. Nxd5 Rxd5 39. Rxd5 Nxd5 40. Qd6 Nf6 41. Qe6+ Kh7 42. Qxc8 e3 43.
fxe3 Qxe3+ 44. Kh1 Ne4 45. Qf5+ Kh6 46. Kh2 Qg3+ 47.
Kg1 Qe3+ 48. Kh2 Qg3+ 49. Kg1 Qe3+ 50. Kh2 1/2-1/2

[Event "*** Titled Tuesday Blitz"]
[Site "Chess.com"]
[Date "2020.11.10"]
[Round "5"]
[White "nitpicker"]
[Black "PlotnikovPavel"]
[Result "1-0"]
[WhiteElo "2232"]
[BlackElo "2456"]
[TimeControl "180+1"]
[EndTime "10:59:40 PST"]
[Termination "nitpicker won by checkmate"]

1. d4 Nf6 2. c4 g6 3. Nc3 Bg7 4. e4 O-O 5. Be2 d6 6. Nf3 e5 7.
d5 Na6 8. Be3 h6 9. Nd2 b6 10. a3 Nc5 11. b4 Ncd7 12. Nb3 Nh7 13. O-O f5 14. f3 f4 15. Bf2 Ndf6 16. c5 g5 17. Rc1 Rf7 18. g4 fxg3 19. hxg3 h5 20.
Kg2 g4 21. Nd2 Ng5 22. f4 Nh3 23. Be3 Bh6 24. Nc4 b5 25. Na5 a6 26. Qd2 exf4 27. gxf4 Ne8 28. Nc6 Qh4 29. e5 g3 30. Rh1 dxe5 31.
fxe5 Rf2+ 32. Bxf2 Bxd2 33. Bxg3 Qg5 34. Rcf1 Bf4 35.
Rf3 Qxg3+ 36. Rxg3+ Bxg3 37. Kxg3 Ng7 38. Rxh3 Bxh3 39. Kxh3 Re8 40. e6 Nf5 41. Bd3 Ne3 42.
Bg6 Rf8 43. e7 Rf3+ 44. Kh4 Rf4+ 45. Kxh5 Nf1 46. e8=Q+ Kg7 47. Qe7+ Kg8 48. Qh7+ Kf8 49. Qh8# 1-0

[Event "*** Titled Tuesday Blitz"]
[Site "Chess.com"]
[Date "2020.11.10"]
[Round "5"]
[White "hypert"]
[Black "tsaruk_maks"]
[Result "0-1"]
[WhiteElo "2471"]
[BlackElo "2624"]
[TimeControl "180+1"]
[EndTime "10:59:41 PST"]
[Termination "tsaruk_maks won by resignation"]

1. e4 e5 2. Nf3 Nc6 3. Bb5 a6 4. Ba4 Nf6 5. O-O Be7 6. d4 b5 7.
dxe5 bxa4 8. exf6 Bxf6 9. e5 Be7 10. Nc3 a3 11. bxa3 O-O 12. Bf4 f6 13. Qd5+ Kh8 14.
Rad1 Qe8 15. Rfe1 fxe5 16. Bxe5 d6 17. Bg3 Bg4 18. Rd3 Qd7 19. h3 Bf5 20. Rde3 Rae8 21. Ne4 Be6 22. Qh5 Bf7 23. Qg4 Qxg4 24. hxg4 Bxa2 25. Rc3 Bd5 26. Ned2 Bf6 27. Rce3 Rxe3 28.
Rxe3 h6 29. c4 Bf7 30. Bf4 Na5 31. g5 hxg5 32. Bxg5 Nxc4 33. Re4 Nxd2 34. Bxd2 Bg6 35. Rh4+ Kg8 36. Ra4 c5 37. Rxa6 d5 38. Rc6 c4 39.
a4 Be8 40. Rc5 Bxa4 41. Rxd5 c3 42. Bc1 Rb8 43. Nd4 Rb1 44. Ne2 Bb3 45. Rc5 Bd1 46.
Kf1 Bxe2+ 47. Kxe2 Rxc1 48. Rc8+ Kh7 49. g4 Rc2+ 50.
Ke3 g5 51. Ke4 Rxf2 52. Rc6 Rf4+ 53. Ke3 Kg6 54. Rc5 Bd4+ 0-1

[Event "*** Titled Tuesday Blitz"]
[Site "Chess.com"]
[Date "2020.11.10"]
[Round "5"]
[White "ljuks68"]
[Black "natelleka"]
[Result "1-0"]
[WhiteElo "2362"]
[BlackElo "2158"]
[TimeControl "180+1"]
[EndTime "10:59:41 PST"]
[Termination "ljuks68 won on time"]

1. e4 e5 2. Nf3 Nf6 3. Nxe5 Nxe4 4. Qe2 Qe7 5. Qxe4 d6 6. d4 dxe5 7. dxe5 Nc6 8. Bf4 g5 9. Bg3 f5 10. Qe2 f4 11. Qh5+ Qf7 12. Qxg5 fxg3 13. hxg3 Bg7 14.
f4 Bf5 15. Nc3 Bxc2 16. Be2 Nd4 17. Bh5 Bg6 18. O-O-O Ne6 19. Qg4 Bxh5 20. Rxh5 O-O 21. f5 Rad8 22. fxe6 Rxd1+ 23. Kxd1 Rd8+ 24. Kc2 Qf2+ 25.
Kb3 Qb6+ 26. Qb4 Qxe6+ 27. Qc4 Qxc4+ 28. Kxc4 Re8 29. Kd5 Kf7 30. Rf5+ Ke7 31. Ke4 Ke6 32. Rg5 Bh6 33. Rh5 Bc1 34. Nd5 Bxb2 35. Nf4+ Kd7 36. Rxh7+ Kc6 37. e6 b5 38. Kf5 a5 39. Ng6 Kd6 40. Rd7+ Kc6 41. Ne5+ Kb7 42. e7 Kc8 43.
Rd8+ Rxd8 44. exd8=Q+ Kxd8 45. Nc6+ Kd7 46. Nxa5 Kd6 47.
Ke4 c5 48. g4 1-0

[Event "*** Titled Tuesday Blitz"]
[Site "Chess.com"]
[Date "2020.11.10"]
[Round "5"]
[White "kidagent"]
[Black "canary2016"]
[Result "1-0"]
[WhiteElo "2310"]
[BlackElo "2013"]
[TimeControl "180+1"]
[EndTime "10:59:41 PST"]
[Termination "kidagent won on time"]

1. e4 c5 2. Nf3 d6 3. d4 cxd4 4. Nxd4 Nf6 5. Nc3 a6 6. Bg5 e6 7. f4 h6 8. Bh4 Qb6 9. a3 Be7 10.
Bf2 Qc7 11. g3 O-O 12. Bg2 Nc6 13. O-O Bd7 14. Re1 Rac8 15. h3 Na5 16. e5 dxe5 17. fxe5 Nh7 18. Be4 Ng5 19. Bg2 Nc4 20. Ne4 Nxb2 21.
Qg4 Rfd8 22. h4 Nxe4 23. Bxe4 Nc4 24. a4 Nxe5 25. Qf4 Ng6 26. Qe3 Nf8 27. Bd3 Bc5 28. Qe4 Bc6 29. Nxc6 Bxf2+ 30. Kxf2 Qxc6 31. Qxc6 Rxc6 32. Rab1 b6 33. Red1 Rdc8 34. Ke3 a5 35. Be4 Rc3+ 36. Kf2 R3c4 37. Bd3 Rxa4 38. Rxb6 Ra2 39. Ke3 a4 40. Ra6 a3 41. Rb1 Rc3 42. Kd2 Rc7 43. Rb3 Rb2 44. Rbxa3 Rb8 45. Ra8 Rxa8 46. Rxa8 Rd7 47.
c4 Rc7 48. Kc3 f6 49. Be4 Kf7 50. Kb4 Ke7 51. c5 Nd7 52. Ra5 g5 53. hxg5 hxg5 54. c6 Ne5 55. Kc5 Ng4 56. Rb5 Ne5 57. Rb7 1-0

[Event "*** Titled Tuesday Blitz"]
[Site "Chess.com"]
[Date "2020.11.10"]
[Round "5"]
[White "Chopper1905"]
[Black "Sviridov_Valery"]
[Result "1-0"]
[WhiteElo "2936"]
[BlackElo "2786"]
[TimeControl "180+1"]
[EndTime "10:59:42 PST"]
[Termination "Chopper1905 won on time"]

1. e4 Nf6 2. e5 Nd5 3. d4 d6 4. Nf3 dxe5 5. Nxe5 c6 6. Be2 Nd7 7. Nd3 N7f6 8. O-O Bf5 9. c3 e6 10. Nd2 Be7 11. Nf3 h6 12. Nfe5 O-O 13. Bd2 Qc7 14. c4 Nb6 15. Bf4 Qc8 16. h3 Rd8 17. c5 Nbd7 18.
Nc4 b6 19. Bd6 b5 20. Bxe7 bxc4 21. Nb4 Re8 22. Bd6 a5 23. Nc2 e5 24. Bxc4 Ne4 25. Ne3 Bg6 26. Rc1 Nxd6 27. cxd6 Qb8 28. dxe5 Nxe5 29.
Qd4 Nd7 30. Rfd1 a4 31. Qg4 Ne5 32. Qg3 Kh7 33. Rd2 Ra7 34. Rcd1 Rd7 35. b3 Qb4 36. Qf4 a3 37. h4 f6 38. g4 Red8 39. h5 Be8 40. Qf5+ Kh8 41. Bd3 Nxd3 42. Qxd3 Bf7 43.
Qd4 Qxd4 44. Rxd4 c5 45. R4d3 Kg8 46. f3 Kf8 47. Kf2 Be6 48. R1d2 Kf7 49. f4 Rc8 50. f5 Bxb3 51. Rxb3 c4 52. Rc3 Rc6 53. Nxc4 1-0

[Event "*** Titled Tuesday Blitz"]
[Site "Chess.com"]
[Date "2020.11.10"]
[Round "5"]
[White "scarabee43"]
[Black "xLuring1"]
[Result "0-1"]
[WhiteElo "2556"]
[BlackElo "2374"]
[TimeControl "180+1"]
[EndTime "10:59:42 PST"]
[Termination "xLuring1 won on time"]

1. Nf3 f5 2. c4 Nf6 3. g3 d6 4. d4 e6 5. Bg2 Be7 6. O-O O-O 7. b3 a5 8. Nc3 Qe8 9. Qc2 Nc6 10.
Re1 e5 11. dxe5 dxe5 12. e4 fxe4 13. Nxe4 Bg4 14. Bb2 Qh5 15. Nxf6+ Bxf6 16. Nd2 Nd4 17. Bxd4 exd4 18. Qd3 c6 19. Ne4 Rad8 20. Rac1 Kh8 21.
c5 Bf5 22. Bf3 Qg6 23. Kg2 Rfe8 24. Re2 Re5 25. Rce1 Rde8 26. h3 Rd8 27. g4 Bxe4 28.
Bxe4 Qh6 29. Qg3 Rxc5 30. f4 Bh4 31. Bd3 Rg8 32. Qf3 Bxe1 33. Rxe1 Rc3 34. g5 Qd6 35. Qe4 Rxd3 36. Qxd3 Qxf4 37. Re4 Qxg5+ 38. Rg4 Qd5+ 39. Kg1 Rd8 40. Rh4 Qg5+ 41. Rg4 Qf6 42. Kh2 c5 43. Re4 Qf2+ 44. Kh1 Rf8 45. Re7 b6 46.
Rb7 Qe1+ 47. Kg2 Rf2+ 48. Kg3 Rf7+ 49. Kg2 Rxb7 50. Qf5 Rb8 51. h4 Re8 52. h5 Qe4+ 53.
Qxe4 Rxe4 54. Kf3 Re8 55. a4 d3 56. Kf2 d2 57. Kg3 d1=Q 58. Kf2 Qxb3 0-1

[Event "*** Titled Tuesday Blitz"]
[Site "Chess.com"]
[Date "2020.11.10"]
[Round "5"]
[White "Lion-Al-Messi"]
[Black "Triumphmate"]
[Result "1-0"]
[WhiteElo "2561"]
[BlackElo "2379"]
[TimeControl "180+1"]
[EndTime "10:59:42 PST"]
[Termination "Lion-Al-Messi won by resignation"]

1. e4 d5 2. exd5 Nf6 3. Bb5+ c6 4. dxc6 Nxc6 5. Bxc6+ bxc6 6. Nf3 Bg4 7. d3 e6 8. O-O Bd6 9. h3 Bh5 10. Nbd2 O-O 11.
b3 Nd5 12. Bb2 Bc7 13. Ne4 f5 14. Ng3 Bxg3 15. fxg3 Ne3 16. Qe2 Nxf1 17. Qxe6+ Bf7 18. Qe5 Qf6 19. Qxf6 gxf6 20. Rxf1 Rae8 21. Nd4 Bd5 22. c4 Be6 23. Nxc6 Bd7 24. Nd4 Re3 25. Kh2 Rxd3 26.
c5 Rc8 27. b4 Rd2 28. Bc3 Rd3 29. Ba1 a5 30. Nxf5 Bxf5 31. Rxf5 axb4 32. Bxf6 Rd2 33. Rf4 Rxc5 34. Rxb4 Rcc2 35. Rb8+ Kf7 36. Bh4 Rxg2+ 37. Kh1 Rxa2 38. Rb1 Rh2+ 39. Kg1 Rag2+ 40. Kf1 Ra2 41. Kg1 Rxh3 42. Rf1+ Kg7 43. Rf2 Ra1+ 44.
Kg2 Rhh1 45. Rb2 Rag1+ 46. Kf3 Rf1+ 47. Kg4 Rf7 48. Rb6 Re1 49. Rb5 Re4+ 50. Kh3 h6 51. Rb6 Ra4 52. Rb5 Rd7 53. Rb6 Rad4 54. Bf6+ Kh7 55.
Bxd4 Rxd4 56. Rb7+ Kg6 57. Rb6+ Kh7 58. Rb5 Kg6 59. Kg2 h5 60. Rb6+ Kg5 61. Rb8 Rd6 62. Rg8+ Rg6 63. Rh8 Kg4 64. Ra8 Kg5 65. Ra5+ Kh6 66.
Kh3 Rf6 67. Kh4 Rg6 68. Rxh5+ Kg7 69. Rg5 Kh7 70. Rxg6 Kxg6 71. Kg4 Kf6 72. Kh5 Kg7 73. Kg5 Kh7 74. Kf6 Kh6 75. g4 Kh7 76. g5 Kg8 77. Kg6 Kh8 78. Kf7 Kh7 79. g6+ 1-0

[Event "*** Titled Tuesday Blitz"]
[Site "Chess.com"]
[Date "2020.11.10"]
[Round "5"]
[White "VladaSviridova"]
[Black "grandcoach"]
[Result "0-1"]
[WhiteElo "2234"]
[BlackElo "2104"]
[TimeControl "180+1"]
[EndTime "10:59:42 PST"]
[Termination "grandcoach won by resignation"]

1. d4 Nf6 2. c4 e6 3. Nf3 d5 4. Nc3 c5 5. cxd5 Nxd5 6. e4 Nxc3 7. bxc3 cxd4 8. cxd4 Nc6 9. Be2 Bb4+ 10. Bd2 Bxd2+ 11.
Qxd2 O-O 12. O-O b6 13. Rac1 Bb7 14. Bb5 Rc8 15. Qe3 Qe7 16. Bxc6 Bxc6 17. Ne5 Bb5 18. Rxc8 Rxc8 19. Rc1 Rxc1+ 20. Qxc1 Qd8 21. Qc3 f6 22. Nf3 Qd7 23. h3 Qc6 24. Qxc6 Bxc6 25. Nd2 Kf7 26. f3 Ke7 27. Kf2 Kd6 28. Ke3 b5 29. a3 g5 30.
Nb3 h5 31. g3 h4 32. gxh4 gxh4 33. f4 Bd7 34. Nc5 Bc8 35. Nd3 a5 36. Nf2 Bb7 37. Kd3 f5 38. e5+ Kc7 39. Nd1 Bg2 40.
Nf2 Bf1+ 41. Kc3 Kc6 42. Kd2 Kd5 43. Kc3 Bg2 44. Kd3 Bf1+ 45. Kc3 Bg2 46. Kd3 b4 47. axb4 axb4 48. Nd1 Bxh3 49. Ne3+ Kc6 50. Kc4 Bg4 51. Kxb4 Be2 52. Kc3 h3 53. Kd2 h2 54. d5+ exd5 55.
Kxe2 h1=Q 56. Nxf5 Qe4+ 57. Ne3 Qxf4 0-1

[Event "*** Titled Tuesday Blitz"]
[Site "Chess.com"]
[Date "2020.11.10"]
[Round "5"]
[White "Azerichess"]
[Black "RD4ever"]
[Result "1/2-1/2"]
[WhiteElo "2964"]
[BlackElo "2830"]
[TimeControl "180+1"]
[EndTime "10:59:43 PST"]
[Termination "Game drawn by agreement"]

1. d4 d5 2. c4 e6 3. Nc3 c5 4. cxd5 exd5 5. Nf3 Nc6 6. a3 Nf6 7. Bg5 cxd4 8. Nxd4 Bc5 9. e3 Nxd4 10. exd4 Be7 11. Bb5+ Bd7 12. Bxf6 Bxf6 13. Qe2+ Kf8 14.
O-O Be6 15. Rad1 g6 16. Ba4 Qb6 17. b4 Kg7 18. Bb3 Rhd8 19. Qf3 a5 20. Nxd5 Bxd5 21. Bxd5 axb4 22. axb4 Rd7 23. g3 Rad8 24. Be4 Bxd4 25.
Kg2 Qxb4 26. Rb1 Qe7 27. Bxb7 Qf6 28. h4 Qxf3+ 29. Bxf3 h5 30. Rfc1 Bf6 31. Rc2 Re7 32. Rb6 Bd4 33. Rbc6 Bf6 34. Ra2 Red7 35. Raa6 Be5 36. Rc5 Bd4 37. Rc4 Be5 38. Re4 Bf6 39. Be2 Re7 40. Rxe7 Bxe7 41. Ra7 Bc5 42. Ra5 Bd4 43.
Rb5 Rd7 44. Bf3 Bf6 45. Bd5 Re7 46. f4 Rd7 47. Kf3 Re7 48. Be4 Rd7 49. f5 g5 50.
hxg5 Bxg5 51. Rb1 Rd8 52. Rh1 Rh8 53. Kg2 h4 54. g4 Kf6 55. Rb1 Re8 56. Rb6+ Kg7 57.
Rb4 Rd8 58. Rb2 Rd2+ 59. Rxd2 Bxd2 60. Kh3 Bg5 1/2-1/2

[Event "*** Titled Tuesday Blitz"]
[Site "Chess.com"]
[Date "2020.11.10"]
[Round "5"]
[White "MartinMatthiesen"]
[Black "klimkoj"]
[Result "0-1"]
[WhiteElo "2412"]
[BlackElo "2630"]
[TimeControl "180+1"]
[EndTime "10:59:43 PST"]
[Termination "klimkoj won on time"]

1. d4 Nf6 2. c4 e6 3. Nf3 b6 4. g3 Bb7 5. Bg2 Be7 6. O-O O-O 7. Nc3 Ne4 8. Bd2 c5 9. d5 Nxc3 10. Bxc3 exd5 11. cxd5 d6 12. a4 Nd7 13. Nd2 a6 14. Nc4 Qc7 15. e4 b5 16. Ne3 Bf6 17. f4 Rae8 18.
Ng4 Bxc3 19. bxc3 c4 20. axb5 axb5 21. Qd4 Nc5 22. Rae1 f6 23. h4 Bc8 24. Ne3 Bd7 25. Re2 Qa5 26. Rc2 Re7 27. h5 Rfe8 28. h6 Nxe4 29. hxg7 Nc5 30. Rf3 Qa1+ 31. Rf1 Qa4 32.
Re2 Nb3 33. Qxf6 Qa7 34. Rfe1 Bg4 35. Kh2 Bxe2 36. Nf5 h6 37. Nxh6+ Kh7 38. g8=Q+ Rxg8 39. Nxg8 Kxg8 40. Qg5+ Kf8 41. Qf6+ Ke8 42. Qg6+ Kd8 43. Qg8+ Kc7 44. Qf8 Kb6 45. Bf3 Ka6 46. Qc8+ Ka5 47.
Qd8+ Ka4 0-1

[Event "*** Titled Tuesday Blitz"]
[Site "Chess.com"]
[Date "2020.11.10"]
[Round "5"]
[White "kuban1991"]
[Black "Mazetovic"]
[Result "1-0"]
[WhiteElo "2891"]
[BlackElo "2752"]
[TimeControl "180+1"]
[EndTime "10:59:45 PST"]
[Termination "kuban1991 won by resignation"]

1. Nf3 Nf6 2. g3 g6 3. Bg2 Bg7 4. O-O O-O 5. c4 d6 6. Nc3 c6 7. Rb1 a5 8. a3 e5 9. d3 h6 10. b4 axb4 11. axb4 Nfd7 12. b5 Nc5 13. Nd2 f5 14. Nb3 Ne6 15. e3 Bd7 16. d4 e4 17.
Bb2 Nc7 18. bxc6 bxc6 19. d5 c5 20. Ne2 Bxb2 21. Rxb2 Qf6 22. Rb1 Nba6 23. Na5 Nb4 24. Nc6 Nxc6 25. dxc6 Bxc6 26. Nf4 Rfb8 27. h4 h5 28. Qd2 Ne8 29. Kh2 Kh7 30. Rfd1 Kh6 31. Bf1 Qe5 32. Be2 Rxb1 33. Rxb1 Ra1 34. Rb6 Ba8 35.
Rb8 Nf6 36. Rd8 Rb1 37. Qxd6 Qxd6 38. Rxd6 Kg7 39. Kg2 Rb2 40. Kf1 Kf7 41. Nh3 Rb1+ 42. Kg2 Ke7 43. Ra6 Bb7 44. Ra2 Nd7 45. Nf4 Ne5 46.
Rd2 Bc6 47. Ra2 Bb7 48. Ra7 Rb4 49. Nd5+ Kd6 50. Nxb4 cxb4 51. Rxb7 Nc6 52. Rb5 Ne5 1-0

[Event "*** Titled Tuesday Blitz"]
[Site "Chess.com"]
[Date "2020.11.10"]
[Round "5"]
[White "Marcin"]
[Black "Algeriano22"]
[Result "0-1"]
[WhiteElo "2483"]
[BlackElo "2703"]
[TimeControl "180+1"]
[EndTime "10:59:45 PST"]
[Termination "Algeriano22 won by resignation"]

1. d4 Nf6 2. c4 d6 3. Nf3 g6 4.
g3 Bg7 5. Bg2 O-O 6. O-O Nc6 7.
Nc3 Bg4 8. Be3 Qd7 9. Re1 h6 10. Rc1 Kh7 11. d5 Na5 12. b3 c5 13. dxc6 bxc6 14.
Nd4 e5 15. Nc2 Bh3 16. f3 Be6 17. Bf2 Nb7 18. e4 Rfd8 19. Qe2 Qc7 20. Red1 a5 21. Na4 Nd7 22. Ne3 Nbc5 23. Nb2 Nb6 24. h4 h5 25.
Kh2 Bc8 26. Bh3 Bxh3 27. Kxh3 Ne6 28. Kh2 Nd4 29. Rxd4 exd4 30. Ng2 c5 31. Nd3 a4 32. b4 a3 33. b5 Na4 34. Ngf4 Nc3 35. Qc2 Qa5 36.
Be1 Qa4 37. Qb3 Qxb3 38. axb3 a2 39. Ra1 Ra3 40. Nc1 Rda8 41. Nfd3 Bh6 42. f4 Bg7 43. e5 dxe5 44. fxe5 Ne4 45. Kg2 Bf8 46. Kf3 Nc3 47.
Bxc3 dxc3 48. Ke2 Rd8 49. Kd1 Bh6 50. Kc2 Bxc1 51. Nxc1 Rd2+ 52. Kxc3 Rg2 53. b6 Ra6 54. Rxa2 Rxg3+ 55. Kb2 Rxb6 56. Ra7 Kg7 57. e6 Rxe6 58. Ka3 Re1 59. Na2 Ra1 60. Ra5 Rg2 0-1

[Event "*** Titled Tuesday Blitz"]
[Site "Chess.com"]
[Date "2020.11.10"]
[Round "5"]
[White "Gulkov_Igor"]
[Black "hansen"]
[Result "0-1"]
[WhiteElo "2461"]
[BlackElo "2885"]
[TimeControl "180+1"]
[EndTime "10:59:45 PST"]
[Termination "hansen won by resignation"]

1. Nf3 Nf6 2. c4 g6 3. Nc3 d5 4. cxd5 Nxd5 5. e4 Nxc3 6. dxc3 Qxd1+ 7. Kxd1 Nd7 8. Bf4 Nc5 9. Nd2 Ne6 10. Be3 Bd7 11. Kc2 O-O-O 12. Bc4 f5 13. exf5 gxf5 14. f4 Bg7 15. Rhe1 Bf6 16. Nf3 Nf8 17. Bxa7 Ba4+ 18.
b3 Bc6 19. Bd4 Be4+ 20. Kb2 Ng6 21. Bxf6 exf6 22. Nd4 c5 23. Ne6 Rd2+ 24. Ka3 b6 25. Rad1 Rxg2 26. Rd6 Nh4 27. Rxb6 Nf3 28. Rd1 Nd2 29.
Nxc5 Kc7 30. Rb4 Nb1+ 31. Rxb1 Bxb1 32. Ne6+ Kd7 33. Rb7+ Kc6 34. Rc7+ Kd6 35. Rb7 Rxa2+ 36. Kb4 Be4 37. Rb6+ Ke7 38. Nd4 Ra7 39. Re6+ Kd7 40.
Bb5+ Kc8 41. c4 Rd8 42. Kc5 Rc7+ 43. Nc6 Kb7 44. Rxf6 Rdc8 45. Kd4 Bxc6 46. Bxc6+ Rxc6 47. Rxf5 Rd6+ 48. Kc3 Rh6 49. Rf7+ Rc7 50. Rf5 Rxh2 51. Kb4 Rc2 52. Rb5+ Kc8 53. Rh5 Rb7+ 54. Ka3 Rc3 55. Rc5+ Kb8 56. Kb2 Rcxb3+ 0-1

[Event "*** Titled Tuesday Blitz"]
[Site "Chess.com"]
[Date "2020.11.10"]
[Round "5"]
[White "NikolaGry"]
[Black "Pliukha_Mikhail"]
[Result "1-0"]
[WhiteElo "2627"]
[BlackElo "2477"]
[TimeControl "180+1"]
[EndTime "10:59:47 PST"]
[Termination "NikolaGry won by checkmate"]

1. b3 d5 2. Bb2 Bg4 3. Nf3 Bxf3 4.
gxf3 Nf6 5. e3 c5 6. Nc3 Nc6 7.
Bg2 e5 8. O-O Be7 9. Ne2 O-O 10.
d3 Nh5 11. Ng3 Nf6 12. c4 d4 13. Qe2 Re8 14. Kh1 Bf8 15. Rg1 Kh8 16. Bh3 g6 17.
Rad1 Bg7 18. Bc1 Qc7 19. Rg2 Rad8 20. e4 Qa5 21. Rdg1 Qc7 22. Nf5 gxf5 23. Rxg7 f4 24. Qf1 Rg8 25. Qg2 Qe7 26. Bf5 Qf8 27. Rxg8+ Nxg8 28. a3 Qh6 29. b4 b6 30. Bd2 Nf6 31. Qh3 Qxh3 32. Bxh3 Rg8 33. Rb1 Rb8 34. bxc5 bxc5 35. Rb5 Rxb5 36. cxb5 Nd8 37. Ba5 Ne6 38. Bxe6 fxe6 39.
Bc7 Nd7 40. Kg1 Kg7 41. a4 Kf6 42. a5 c4 43. dxc4 d3 44. Kf1 Nc5 45. a6 Na4 46. Ke1 Nb2 47. b6 Nxc4 48. bxa7 d2+ 49. Kd1 Kg5 50. a8=Q Kh4 51. Qc6 Kh3 52. Qxc4 h5 53.
Qf1+ Kxh2 54. Bxe5 h4 55. Bxf4# 1-0

[Event "*** Titled Tuesday Blitz"]
[Site "Chess.com"]
[Date "2020.11.10"]
[Round "5"]
[White "PattyCastillo"]
[Black "GMJustin"]
[Result "0-1"]
[WhiteElo "1963"]
[BlackElo "2324"]
[TimeControl "180+1"]
[EndTime "10:59:49 PST"]
[Termination "GMJustin won on time"]

1. d4 d6 2. Nc3 g6 3. e4 Bg7 4. Nf3 Nf6 5. Be3 c6 6. Qd2 b5 7. Bd3 Bb7 8. O-O O-O 9. Rad1 Qc7 10. h3 e5 11. a4 a6 12. Rfe1 exd4 13. Nxd4 b4 14. Nce2 c5 15. Nf3 c4 16. a5 cxd3 17.
cxd3 Qxa5 18. Ra1 Qc7 19. Rec1 Qd7 20. Qxb4 Nc6 21. Qa4 d5 22. Ned4 Nxd4 23. Nxd4 Qxa4 24. Rxa4 dxe4 25. Rc7 Bd5 26. dxe4 Bxe4 27. Bg5 Rfc8 28.
Rxc8+ Rxc8 29. Rxa6 Nd5 30. Nb5 Rb8 31. Nd6 Bd3 32. Ra5 Nb4 33. b3 h6 34. Bf4 Nc6 35. Rc5 Rb6 36. Nc8 Ra6 37. Rd5 Kh7 38. Rxd3 Nb4 39.
Re3 Ra1+ 40. Kh2 Nd5 41. Rf3 Nxf4 42. Rxf4 Be5 43. g3 Bxf4 44. gxf4 Rb1 45. Nd6 Rxb3 46.
Nxf7 Rf3 47. Ne5 Rxf4 48. Kg3 Rf5 49. f4 g5 50. Nd3 Rd5 51. Nf2 gxf4+ 52. Kxf4 Kg6 53.
Ng4 Rd4+ 54. Ke5 Ra4 55. Ke6 Kg5 56. Kf7 h5 0-1

[Event "*** Titled Tuesday Blitz"]
[Site "Chess.com"]
[Date "2020.11.10"]
[Round "5"]
[White "LyonBeast"]
[Black "KuzubovYuriy"]
[Result "1-0"]
[WhiteElo "3070"]
[BlackElo "2830"]
[TimeControl "180+1"]
[EndTime "10:59:50 PST"]
[Termination "LyonBeast won by resignation"]

1. d4 Nf6 2. Bf4 d5 3. e3 e6 4.
Nf3 c5 5. c3 Nc6 6. Nbd2 Nh5 7.
Be5 f6 8. Bg3 g6 9. Bd3 cxd4 10.
cxd4 Nb4 11. Bb1 Be7 12. O-O O-O 13. Re1 Nxg3 14. hxg3 f5 15. g4 Bd6 16. gxf5 gxf5 17. g3 Bd7 18. Kg2 Rc8 19. a3 Nc6 20. Rh1 Be8 21. Bd3 Bg6 22. Rh3 Qe7 23. Qe2 e5 24. dxe5 Nxe5 25. Nxe5 Bxe5 26. Nf3 Bf6 27. Rah1 d4 28. Nh4 Bxh4 29. Rxh4 dxe3 30. fxe3 Rfe8 31. Re1 Rcd8 32. Rf4 Qe5 33. Bc4+ Kg7 34. Qf2 Re7 35. Ba2 Red7 36. Re2 Rd1 37. Bb3 Rc1 38. Rd2 Rxd2 39. Qxd2 Rb1 40. Rd4 f4 41. exf4 Qh5 42. Rd7+ Kh6 43.
f5+ Qg5 44. Qxg5+ Kxg5 45. fxg6 Rxb2+ 46. Kh3 hxg6 47. Rxb7 a5 48. Rb5+ Kf6 49. a4 g5 50.
Kg4 Rb1 51. Rb6+ Ke5 52. Kxg5 Kd4 53. g4 Kc3 54. Rc6+ Kb4 55. Bc2 Rf1 56. Rb6+ Kc3 57. Bf5 Ra1 58. Bd7 1-0

[Event "*** Titled Tuesday Blitz"]
[Site "Chess.com"]
[Date "2020.11.10"]
[Round "5"]
[White "Savagelittlemole"]
[Black "ErikRonka"]
[Result "1/2-1/2"]
[WhiteElo "2575"]
[BlackElo "2405"]
[TimeControl "180+1"]
[EndTime "10:59:50 PST"]
[Termination "Game drawn by repetition"]

1. e4 c6 2. d4 d5 3. exd5 cxd5 4. Bd3 Nf6 5. c3 Nc6 6. Bf4 Bg4 7. Qb3 Qc8 8. Nd2 Bh5 9. Ngf3 Bg6 10. Bxg6 hxg6 11.
O-O e6 12. Rae1 Be7 13. Ne5 Nxe5 14. Bxe5 Qc6 15. Nf3 b5 16. Re2 a5 17. Rfe1 Qc4 18. Qc2 b4 19. Bg3 Qxa2 20. cxb4 O-O 21. bxa5 Rfc8 22. Qd2 Qxa5 23. Qf4 Ra7 24. Ne5 Rac7 25. Bh4 Rc2 26. h3 Rxe2 27. Rxe2 Qb5 28. Re1 Qxb2 29. Bxf6 Bxf6 30. Nf3 Rc2 31. Qe3 Qc3 32.
Qxc3 Rxc3 33. Rb1 Rc4 34. Rd1 Kf8 35. Kf1 Be7 36. Ke2 f6 37. Ke3 Rc3+ 38. Ke2 Bd6 39. Rb1 e5 40. dxe5 fxe5 41. Rb5 Rc2+ 42. Kd3 Rxf2 43. Rxd5 Ke7 44. Nxe5 Ke6 45. Ng4 Rxg2 46.
Rg5 Rg3+ 47. Ke4 Kf7 48. Rd5 Be7 49. Ne5+ Ke6 50. Rb5 Rxh3 51. Rb6+ Bd6 52. Nc4 Rh4+ 53. Kd3 Rh3+ 54. Ke4 Rh4+ 55. Kd3 Rh3+ 56. Kc2 Rh2+ 57. Kd3 Rh3+ 1/2-1/2